 Dungeon Crawl Stone Soup version 0.27.0-1-g7a089689b8 (webtiles) character file.

Game seed: 7191424594043451422

1093 magipi the Chopper (level 8, 0/109 HPs)
             Began as a Deep Dwarf Fighter on Aug 2, 2021.
             Was an Initiate of Makhleb.
             Slain by a white ugly thing (32 damage)
             ... on level 7 of the Dungeon.
             The game lasted 00:17:35 (2555 turns).

magipi the Chopper (Deep Dwarf Fighter)             Turns: 2555, Time: 00:17:36

Health: 0/109      AC: 10    Str: 22    XL:     8   Next: 9%
Magic:  7/7        EV:  5    Int:  9    God:    Makhleb [......]
Gold:   189        SH:  9    Dex: 12    Spells: 7/7 levels left

rFire    . . .     SeeInvis .   a - +0 war axe
rCold    . . .     Faith    .   c - +0 kite shield
rNeg     . . .     Spirit   .   p - +0 chain mail
rPois    .         Reflect  .   l - +0 helmet
rElec    .         Harm     .   (no cloak)
rCorr    +         Rampage  .   (no gloves)
Will     +....                  (no boots)
Stlth    ..........             (no amulet)
HPRegen  0.00/turn              o - ring of resist corrosion
MPRegen  0.10/turn              (no ring)

@: berserking, very quick
A: damage resistance, heal wounds, sense surroundings 1, no regeneration
a: Heal Wounds, Renounce Religion


You were on level 7 of the Dungeon.
You worshipped Makhleb.
Makhleb was noncommittal.
You visited 2 branches of the dungeon, and saw 8 of its levels.

You collected 189 gold pieces.

Inventory:

Hand Weapons
 a - a +0 war axe (weapon)
Missiles
 f - 18 poisoned darts (quivered)
 q - 4 throwing nets
 s - 8 boomerangs
Armour
 c - a +0 kite shield (worn)
 l - a +0 helmet (worn)
   (You found it on level 1 of the Dungeon)
 p - a +0 chain mail (worn)
   (You found it on level 3 of the Dungeon)
Jewellery
 o - a ring of resist corrosion (left hand)
   (You found it on level 4 of the Dungeon)
Wands
 x - a wand of charming (6)
   (You found it on level 6 of the Dungeon)
Scrolls
 g - a scroll of summoning {unknown}
 i - a scroll of amnesia
 j - 2 scrolls of teleportation
 t - a scroll of magic mapping
 w - a scroll of fear {unknown}
Potions
 b - a potion of magic
 d - 2 potions of might
 h - 6 potions of curing
 k - 2 potions of flight
 m - a potion of mutation
 n - a potion of lignification
 r - a potion of haste
 u - a potion of resistance {unknown}
 v - a potion of ambrosia


   Skills:
 + Level 4.8 Fighting
 * Level 7.3 Axes
 + Level 3.7 Throwing
 - Level 3.2 Armour
 - Level 3.2 Shields
 + Level 4.0 Invocations


You had 7 spell levels left.
You didn't know any spells.
Your spell library contained the following spells:

 Spells                   Type           Power      Damage    Failure   Level
 Magic Dart               Conj           0%         1d3       100%        1
 Searing Ray              Conj           0%         3d3       100%        2
 Dazzling Flash           Conj/Hex       0%         N/A       100%        3
 Fulminant Prism          Conj/Hex       0%         3d6       100%        4
 Agony                    Necr           0%         N/A       100%        5
 Silence                  Hex/Air        0%         N/A       100%        5


Dungeon Overview and Level Annotations

Branches:
Dungeon (7/15)             Temple (1/1) D:5

Altars:
Dithmenos
Elyvilon
Fedhas
Gozag
Hepliaklqana
Kikubaaqudgha
Makhleb
Nemelex Xobeh
Okawaru
Qazlal
Sif Muna
Vehumet
Xom
Yredelemnul
Zin
The Shining One


Innate Abilities, Weirdness & Mutations

You are resistant to damage.
You can heal yourself by infusing magical energy.
You passively map a small area around you.
You do not regenerate.


Message History

You block the black bear's attack.
The black bear claws you but does no damage.
You block the black bear's attack.
You barely miss the black bear.
The black bear is heavily wounded.
The black bear bites you. You block the black bear's attack. x3
The black bear barely misses you. The black bear claws you.
You slash the black bear!
You kill the black bear!
Makhleb accepts your kill.
Your Axes skill increases to level 7!
You have reached level 8!
You feel clever.
There is a stone staircase leading down here.
You climb downwards.
A bullfrog and a zombie come into view.
The bullfrog croaks.
There is a stone staircase leading up here.
Unknown command.
Found a stone staircase leading down.
Found 12 sling bullets.
You hit the centaur zombie.
The centaur zombie is lightly damaged.
The centaur zombie hits you but does no damage.
You block the centaur zombie's attack.
The centaur zombie hits you but does no damage.
The centaur zombie kicks you but does no damage.
You slash the centaur zombie!
The centaur zombie is heavily damaged.
The centaur zombie hits you. You block the centaur zombie's attack.
The centaur zombie hits you but does no damage.
You block the centaur zombie's attack. The bullfrog barely misses you.
You hit the centaur zombie.
The centaur zombie is heavily damaged.
You slash the bullfrog! You block the bullfrog's attack.
The centaur zombie barely misses you. You block the centaur zombie's attack.
You block the bullfrog's attack. The centaur zombie barely misses you.
The centaur zombie kicks you but does no damage.
You hit the centaur zombie.
The centaur zombie is severely damaged.
You closely miss the bullfrog. You block the bullfrog's attack.
The centaur zombie hits you. The centaur zombie kicks you.
The bullfrog hits you but does no damage.
You slash the centaur zombie!
The centaur zombie is almost destroyed.
You hit the bullfrog. You block the centaur zombie's attack.
The centaur zombie kicks you but does no damage.
You block the bullfrog's attack.
The centaur zombie hits you but does no damage.
The centaur zombie kicks you but does no damage.
The bullfrog swells and bulges.
You block the bullfrog's attack.
You slash the bullfrog!
You kill the bullfrog!
Makhleb accepts your kill.
You hit the centaur zombie but do no damage.
The centaur zombie closely misses you. The centaur zombie barely misses you.
You block the centaur zombie's attack. The centaur zombie kicks you.
Unknown command.
You slash the centaur zombie!
You destroy the centaur zombie!
Makhleb accepts your kill.
Your Invocations skill increases to level 4!
Found a leather armour.
Found 16 gold pieces.
Found a hand axe.
Found a mace.
A howler monkey zombie comes into view.
A white ugly thing comes into view.
Found a silvery potion.
Found a silvery potion.
Found a falchion.
You hit the howler monkey zombie.
The howler monkey zombie is lightly damaged.
You block the howler monkey zombie's attack.
Your shield and chain mail prevent you from hitting the howler monkey zombie.
The howler monkey zombie is lightly damaged.
You completely miss the white ugly thing.
The white ugly thing trunk-slaps you! The white ugly thing freezes you!!
* * * LOW HITPOINT WARNING * * *
The white ugly thing barely misses you.
Unknown command.
You feel much better. The white ugly thing trunk-slaps you!
The white ugly thing freezes you!!
You feel much better.
The white ugly thing trunk-slaps you but does no damage.
A red film seems to cover your vision as you go berserk!
You feel yourself moving faster!
You feel mighty! The white ugly thing trunk-slaps you.
The white ugly thing freezes you!!
You slice the white ugly thing!!
The white ugly thing is moderately wounded.
You slash the white ugly thing!
The white ugly thing is heavily wounded.
The white ugly thing trunk-slaps you but does no damage.
You barely miss the white ugly thing.
The white ugly thing is heavily wounded.
The white ugly thing trunk-slaps you.
* * * LOW HITPOINT WARNING * * *
The white ugly thing freezes you!!
You die...

* ....###.....# *
#..........## , ,
#..###.....# , , ## , ,
#.....# . , ..., #
#.....# ##.. ##..
*#.#..#.#####*#...,
..... #..........##..#
,,
..)...####.#..#)....##..
#..@uZ.............!
.......###.#####.......#
#...##.,...#* #.........
#.. ###...!, #.........
#, , *##.##. #.........
* , ..,,#........... ,,
* ... *#.......... * , ,
... ,..........# , ,,,
###.........


You could see a white ugly thing and a howler monkey zombie.

Vanquished Creatures
  A shadow (D:5)
  2 black bears
  2 ogres
  A phantom (D:6)
  A bullfrog (D:7)
  A scorpion (D:6)
  A wyvern zombie (D:6)
  A hound (D:6)
  A centaur zombie (D:7)
  2 iguanas
  A killer bee zombie (D:5)
  2 hound skeletons
  7 gnolls
  3 adders
  An ufetubus (D:5)
  2 adder skeletons
  A worm (D:2)
  4 dart slugs
  4 orcs
  8 endoplasms
  3 giant cockroaches
  5 goblins
  7 hobgoblins
  9 kobolds
  3 quokkas
  4 ball pythons
  3 bats
  6 frilled lizards
  5 rats
91 creatures vanquished.

Vanquished Creatures (others)
  A withered plant (D:4)
1 creature vanquished.

Grand Total: 92 creatures vanquished

Notes
Turn   | Place    | Note
-------+----------+-------------------------------------------
     0 | D:1      | magipi the Deep Dwarf Fighter began the quest for the Orb.
     0 | D:1      | Reached XP level 1. HP: 20/20 MP: 1/1
   167 | D:1      | Reached XP level 2. HP: 27/27 MP: 2/2
   335 | D:1      | Reached skill level 3 in Axes
   565 | D:2      | Reached XP level 3. HP: 34/34 MP: 3/3
   802 | D:3      | Reached skill level 1 in Throwing
   838 | D:3      | Found a blossoming altar of Fedhas.
  1052 | D:3      | Reached XP level 4. HP: 26/42 MP: 4/4
  1054 | D:3      | Reached skill level 4 in Axes
  1123 | D:3      | Found an iron altar of Okawaru.
  1339 | D:4      | Identified the +8 hunting sling of Compassion {freeze,
                  | +Blink MP+9 Str-2 Int+7}
  1360 | D:4      | Noticed a black bear
  1371 | D:4      | Killed a black bear
  1372 | D:4      | Reached XP level 5. HP: 40/50 MP: 4/4
  1411 | D:4      | Found a basalt altar of Yredelemnul.
  1419 | D:4      | Reached skill level 5 in Axes
  1514 | D:4      | Identified the +5 falchion of True Grit {venom, rC+ Will+}
  1600 | D:5      | Entered Level 5 of the Dungeon
  1645 | D:5      | Found a staircase to the Ecumenical Temple.
  1651 | Temple   | Entered the Ecumenical Temple
  1689 | Temple   | Became a worshipper of Makhleb the Destroyer
  1750 | D:5      | Reached XP level 6. HP: 42/57 MP: 5/5
  1752 | D:5      | Noticed a shadow
  1774 | D:5      | Killed a shadow
  1775 | D:5      | Reached skill level 1 in Invocations
  1938 | D:5      | Found a white marble altar of Elyvilon.
  2059 | D:5      | Reached skill level 6 in Axes
  2059 | D:5      | Reached XP level 7. HP: 64/64 MP: 4/4
  2166 | D:6      | Found a stormy altar of Qazlal.
  2388 | D:6      | Found a radiant altar of Vehumet.
  2388 | D:6      | Noticed a death knight
  2388 | D:6      | Noticed a skeletal warrior
  2388 | D:6      | Noticed a skeletal warrior
  2388 | D:6      | Noticed a freezing wraith
  2466 | D:6      | Found a sparkling altar of Nemelex Xobeh.
  2503 | D:6      | Reached skill level 7 in Axes
  2503 | D:6      | Reached XP level 8. HP: 43/73 MP: 6/6
  2535 | D:7      | Noticed a white ugly thing
  2555 | D:7      | Slain by a white ugly thing

Illustrated notes

Levels and vault maps discovered:
D:1:      dpeg_chamrin_arrival_tetris, layout_basic, chequers_jeans
D:2:      layout_basic, basic_altar
D:3:      layout_loops_ring, overflow_temple_1_default,
          mainiacjoe_overflow_cross_hatched,
          hellmonk_ecumenical_altar_inner_sanctum, st_stairs_9
D:4:      layout_basic, yredelemnul_altar_generic
D:5:      layout_rooms, elyvilon_altar_4, minmay_temple_entry_fiery
D:6:      layout_loops_ring, nicolae_qazlal_scattered_showers, kennysheep_mini,
          gammafunk_temple_overflow_pools, kennysheep_generic_room_13
D:7:      layout_rooms, minmay_misc_feat_room
Temple:   compressed_dpeg_triangle_lava_temple

Skill      XL: |  1  2  3  4  5  6  7  8 |
---------------+-------------------------+-----
Axes           | 3 4 5 6 7 |  7.3
Fighting       | 3 4 |  4.8
Throwing       | 1 2 3 |  3.7
Invocations    | 2 3 4 |  4.0
Armour         | |  3.2
Shields        | |  3.2

Action                   |  1- 3 |  4- 6 |  7- 9 || total
-------------------------+-------+-------+-------++-------
Melee: War axe           |   120 |   138 |    62 ||   320
Throw: Dart              |       |     2 |     5 ||     7
 Abil: Heal Wounds       |     1 |     7 |     4 ||    12
  Use: Scroll            |       |     8 |     3 ||    11
       Potion            |       |       |     1 ||     1
Armor: Scale mail        |    44 |       |       ||    44
       Chain mail        |     9 |    81 |    47 ||   137
Dodge: Dodged            |    31 |    39 |    19 ||    89
Block: Kite shield       |    70 |    76 |    42 ||   188
